 Seeded DCSS version 0.29.1-1-gd02db6906a (webtiles) character file.

Game seed: 3121381558354691732 (custom seed)

182 SigmundSlayer the Trooper (level 5, -1/63 HPs)
             Began as a Demonspawn Berserker on Sept 16, 2022.
             Was a Believer of Trog.
             Slain by Edmund
             ... wielding a +1 flail of venom
              (8 damage)
             ... on level 4 of the Dungeon.
             The game lasted 00:01:57 (2432 turns).

SigmundSlayer the Trooper (Demonspawn Berserker)    Turns: 2432, Time: 00:01:58

Health: -1/63      AC:  6    Str: 25    XL:     5   Next: 35%
Magic:  5/5        EV: 12    Int:  9    God:    Trog [**....]
Gold:   228        SH:  5    Dex: 12    Spells: 4/4 levels left

rFire   . . .      SeeInvis +   a - +0 hand axe
rCold   . . .      Faith    .   (no shield)
rNeg    . . .      Spirit   .   k - +0 ring mail
rPois   .          Reflect  +   o - +0 helmet
rElec   .          Harm     .   (no cloak)
rCorr   .          Rampage  .   (no gloves)
Will    ++...                   (no boots)
Stlth   ..........              p - amulet of reflection
HPRegen 1.20/turn               e - +6 ring of strength
MPRegen 0.09/turn               n - ring of see invisible

@: berserking, lethally poisoned (-1 -> -16), strong-willed, regenerating, very
quick
A: hooves 1, powered by death 1, spiny 1
a: Renounce Religion, Berserk, Trog's Hand


You were on level 4 of the Dungeon.
You worshipped Trog.
Trog was pleased with you.
You visited 1 branch of the dungeon, and saw 4 of its levels.

You collected 228 gold pieces.

Inventory:

Hand Weapons
 a - a +0 hand axe (weapon)
Missiles
 f - 4 throwing nets (quivered)
Armour
 k - a +0 ring mail (worn)
 o - a +0 helmet (worn)
Jewellery
 e - a +6 ring of strength (left hand)
 n - a ring of see invisible (right hand)
 p - an amulet of reflection (around neck)
 r - a ring of positive energy
Scrolls
 b - 2 scrolls of teleportation {unknown}
 c - 4 scrolls of identify {unknown}
 d - 3 scrolls of acquirement {unknown}
 g - a scroll of magic mapping {unknown}
 h - 2 scrolls of enchant weapon {unknown}
 j - 3 scrolls of amnesia {unknown}
 l - a scroll of poison {unknown}
 s - a scroll of fear {unknown}
 v - 3 scrolls of noise {unknown}
 y - a scroll of vulnerability {unknown}
Potions
 i - a potion of magic {unknown}
 m - a potion of invisibility {unknown}
 q - a potion of heal wounds {unknown}
 t - a potion of flight {unknown}
 u - a potion of brilliance {unknown}
 w - a potion of curing {unknown}
 x - a potion of cancellation {unknown}
 z - a potion of attraction {unknown}
 A - a potion of ambrosia {unknown}


   Skills:
 + Level 4.0 Fighting
 + Level 3.6 Axes
 + Level 2.9 Armour
 + Level 3.0 Dodging


You had 4 spell levels left.
You didn't know any spells.
Your spell library contained the following spells:

 Spells                   Type           Power      Damage    Failure   Level
 Sting                    Tmut/Pois      0%         1d3       52%         1
 Sublimation of Blood     Necr           0%         N/A       67%         2
 Petrify                  Tmut/Erth      0%         N/A       99%         4
 Irradiate                Conj/Tmut      0%         3d11      100%        5


Dungeon Overview and Level Annotations

Branches:
Dungeon (4/15)
 Temple: D:4-7

Altars:
Trog

Shops:
D:3 *

Annotations:
D:4 Edmund


Innate Abilities, Weirdness & Mutations

You have large cloven feet.
You regenerate a little health from kills.
You are partially covered in sharp spines.


Message History

Edmund is lightly wounded.
You feel very sick. Edmund barely misses you.
You hit Edmund.
Edmund is lightly wounded.
You feel very sick.
Edmund hits you with a +1 flail of venom!
You are lethally poisoned!
You are too injured to fight recklessly!
There is a lethal amount of poison in your body!
There is a lethal amount of poison in your body!
There is a lethal amount of poison in your body!
Your skin crawls.
You feel strong-willed.
You feel very sick. You block Edmund's attack.
A red film seems to cover your vision as you go berserk!
You feel yourself moving faster!
You feel mighty!
You feel very sick. Edmund closely misses you.
You slash Edmund!
Edmund is moderately wounded.
You feel very sick. Edmund is struck by your spines.
Edmund hits you with a +1 flail of venom.
* * * LOW HITPOINT WARNING * * *
You are more poisoned.
You barely miss Edmund. Your kick misses Edmund.
Edmund is moderately wounded.
* * * LOW HITPOINT WARNING * * *
You feel very sick. Edmund is struck by your spines.
Edmund hits you but does no damage.
You are lethally poisoned!
You slash Edmund! You kick Edmund.
Edmund is severely wounded.
* * * LOW HITPOINT WARNING * * *
You feel very sick. Edmund is struck by your spines.
Edmund hits you with a +1 flail of venom!
You die...

### ..# ##.# ..# #
#####)#.#.##. ########
#....@@......
#......#####.###.#.#.##<
#......#.....# #.# #
#......#.##### #.#
#.....>..# #.#
#......#.# #..
#....[.####### ###
####..........
#..########


You could see Edmund.

Vanquished Creatures
  An ogre (D:3)
  3 adders (D:2)
  4 worms
  A dart slug (D:3)
  An orc (D:3)
  7 bats
  5 endoplasms
  2 giant cockroaches
  7 goblins
  5 hobgoblins
  10 jackals
  3 ball pythons
  3 frilled lizards
  5 rats
57 creatures vanquished.

Notes
Turn   | Place    | Note
-------+----------+-------------------------------------------
     0 | D:1      | SigmundSlayer the Demonspawn Berserker began the quest for
                  | the Orb.
     0 | D:1      | Reached XP level 1. HP: 18/18 MP: 1/1
   157 | D:1      | Found a faded altar of an unknown god.
   174 | D:1      | Got Plato's Secrets of Vitiation
   263 | D:1      | Gained mutation: You regenerate a little health from kills.
                  | [demonic ancestry]
   263 | D:1      | Reached XP level 2. HP: 24/24 MP: 2/2
   967 | D:2      | Gained mutation: You have large cloven feet. [demonic
                  | ancestry]
   967 | D:2      | Reached XP level 3. HP: 28/29 MP: 3/3
   998 | D:2      | Found a bloodstained altar of Trog.
  1653 | D:2      | Reached XP level 4. HP: 30/35 MP: 4/4
  1922 | D:3      | Reached ** piety under Trog
  1952 | D:3      | Noticed an ogre
  1958 | D:3      | Killed an ogre
  1959 | D:3      | Gained mutation: You are partially covered in sharp spines.
                  | [demonic ancestry]
  1959 | D:3      | Reached XP level 5. HP: 42/42 MP: 5/5
  2023 | D:3      | Found Isonomam's Assorted Antiques.
  2138 | D:3      | Reached skill level 4 in Fighting
  2422 | D:4      | Noticed Edmund
  2432 | D:4      | Slain by Edmund

Illustrated notes

Levels and vault maps discovered:
D:1:      minmay_arrival_glassed_features, layout_loops_ring,
          shapermc_ecumenical_altar_rom_forum, nicolae_kite_square_tiling_tiny
D:2:      layout_basic, basic_altar
D:3:      layout_rooms, serial_shops, nicolae_shop_hallway_stairs
D:4:      layout_basic, okawaru_altar_gauntlet_db, minmay_misc_feat_rows,
          uniq_edmund

Skill      XL: |  1  2  3  4  5 |
---------------+----------------+-----
Armour         | 2 |  2.9
Dodging        | 2 3 |  3.0
Axes           | 3 |  3.6
Fighting       | 4 |  4.0

Action                   |  1- 3 |  4- 6 || total
-------------------------+-------+-------++-------
Melee: Hand axe          |   102 |    40 ||   142
       Kick              |     8 |    10 ||    18
Invok: Berserk           |       |     2 ||     2
       Trog's Hand       |       |     1 ||     1
 Stab: Sleeping          |     1 |       ||     1
Armor: Animal skin       |     7 |       ||     7
       Ring mail         |    31 |     9 ||    40
Dodge: Dodged            |    80 |    20 ||   100
Block: Other             |    11 |     8 ||    19
